Map: Frozen Temple

Players

SKW - Winner!

  • Race: Terran Terran
  • League: Silver

Gracz

  • Race: Protoss Protoss
  • League: Silver

VOD

Have the link to the VOD?

Description

Time

  • Played on: Oct. 16, 2016, 12:11 p.m.
  • Length: 8:40
Show
View Real Time Build Order
Export as new Build Order

SKW Terran - Winner!

Build Orders: MMM Bio 

Get SALT Encoding   

  12  0:01  SCV  
  13  0:13  SCV  
  14  0:20  Supply Depot  
  14  0:26  SCV  
  15  0:28  Refinery  
  15  0:43  Barracks  
  15  0:46  SCV  
  16  0:58  SCV  
  17  1:07  Refinery  
  17  1:10  SCV  
  18  1:22  SCV  
  19  1:26  Barracks  
  19  1:34  SCV  
  20  1:46  SCV  
  21  1:49  Barracks Reactor  
  21  1:58  SCV  
  22  2:01  Factory  
  22  2:10  SCV  
  23  2:16  Barracks Tech Lab  
  23  2:24  Engineering Bay  
  23  2:26  Orbital Command  
  23  2:34  Supply Depot  
  23  2:41  Supply Depot  
  23  2:52  Supply Depot  
  23  2:55  Marine  
  24  3:02  Supply Depot  
  24  3:14  Supply Depot  
  24  3:18  Factory Reactor  
  24  3:28  Starport  
  24  3:31  Marine  
  24  3:32  Marine  
  24  3:33  Marine  
  27  3:41  Stimpack  
  27  3:47  Terran Infantry Weapons Level 1  
  27  3:55  Marine x3  
  30  4:12  Medivac x2  
  30  4:13  Marine  
  30  4:15  Marine x2  
  37  4:30  Marine  
  38  4:33  Marine x2  
  39  5:10  Marine x3  
  42  5:15  Medivac  
  42  5:16  Medivac  
  46  5:28  Marine x3  
  49  5:38  Factory Tech Lab  
  49  5:41  Combat Shields, Terran Infantry Armor Level 1  
  49  5:45  Marine  
  49  5:46  Factory, Marine x2  
  52  6:03  Marine x2  
  52  6:04  Marine  
  55  6:21  Marine x3  
  58  6:30  Missile Turret  
  58  6:39  Marine x3  
  61  6:43  Factory Tech Lab  
  61  6:46  Widow Mine  
  63  6:55  Supply Depot  
  63  6:58  Supply Depot x2  
  63  7:00  Supply Depot  
  63  7:16  Widow Mine  
  63  7:17  Marine x3  
  68  7:26  Starport  
  68  7:34  Marine x3  
  71  7:52  Marine  
Show
View Real Time Build Order
Export as new Build Order

Gracz Protoss 

Build Orders: 1 Gate Expand, Zealot Archon 

Get SALT Encoding   

  12  0:01  Probe (Chrono Boost)  
  13  0:19  Pylon  
  13  0:22  Probe (Chrono Boost)  
  14  0:33  Probe (Chrono Boost)  
  15  0:37  Assimilator  
  15  0:55  Gateway x2  
  15  1:01  Probe (Chrono Boost)  
  16  1:12  Probe (Chrono Boost)  
  17  1:39  Nexus  
  17  1:43  Probe (Chrono Boost)  
  18  1:53  Probe (Chrono Boost)  
  19  1:55  Cybernetics Core  
  19  2:13  Probe (Chrono Boost)  
  20  2:18  Pylon  
  20  2:22  Pylon  
  20  2:24  Probe (Chrono Boost)  
  20  2:29  Pylon  
  21  2:32  Assimilator  
  21  2:35  Probe (Chrono Boost)  
  22  2:54  Warp Gate  
  22  2:55  Pylon  
  22  3:02  Probe (Chrono Boost)  
  22  3:03  Probe (Chrono Boost)  
  24  3:06  Adept  
  24  3:12  Probe (Chrono Boost)  
  27  3:13  Twilight Council  
  27  3:15  Probe (Chrono Boost)  
  28  3:21  Adept  
  28  3:23  Probe (Chrono Boost)  
  32  3:27  Probe (Chrono Boost)  
  32  3:33  Probe (Chrono Boost)  
  33  3:39  Probe (Chrono Boost)  
  34  3:47  Resonating Glaives  
  34  3:52  Gateway  
  34  3:53  Gateway  
  34  3:54  Gateway x2  
  34  4:09  Probe x2 (Chrono Boost)  
  36  4:21  Probe x2 (Chrono Boost)  
  36  4:58  Nexus  
  36  5:01  Robotics Facility, Pylon  
  36  5:02  Robotics Facility  
  36  5:04  Pylon  
  36  5:06  Robotics Facility  
  36  5:21  Blink  
  36  5:39  Assimilator, Probe x2 (Chrono Boost)  
  36  5:40  Assimilator  
  38  5:45  Templar Archives  
  39  5:51  Probe (Chrono Boost)  
  39  5:58  Immortal  
  45  6:11  Probe x2 (Chrono Boost)  
  45  6:12  Stalker  
  47  6:19  Probe (Chrono Boost)  
  47  6:22  Assimilator  
  47  6:23  Probe x2 (Chrono Boost)  
  47  6:24  Assimilator, Stalker x3  
  56  6:30  Probe (Chrono Boost)  
  57  6:35  Probe x2 (Chrono Boost)  
  59  6:40  Probe (Chrono Boost)  
  59  6:46  Nexus  
  61  6:47  Probe (Chrono Boost)  
  61  6:50  Pylon  
  61  6:53  Adept x2, Pylon  
  65  6:57  High Templar  
  65  6:59  High Templar  
  69  7:02  Assimilator  
  69  7:03  Probe (Chrono Boost)  
  69  7:04  Probe x2 (Chrono Boost)  
  69  7:05  Assimilator  
  72  7:13  Probe (Chrono Boost)  
  75  7:16  Probe x2 (Chrono Boost)  
  75  7:19  Stalker x2  
  79  7:24  Probe (Chrono Boost)  
  79  7:28  Probe (Chrono Boost)  
  79  7:29  Probe (Chrono Boost)  
  82  7:35  Probe (Chrono Boost)  
  82  7:36  Stalker  
  85  7:39  Archon  
  85  7:40  Probe (Chrono Boost)  
  85  7:41  Probe (Chrono Boost)  
  87  7:45  Probe (Chrono Boost)  
  87  7:53  Probe x2 (Chrono Boost)  
  87  7:56  Pylon, Probe (Chrono Boost)  
  71  8:24  Stalker  
  71  8:25  Stalker  
Tags
 
Add a new tag
Caveats
  • Supply blocks, unpowered buildings, or Contaminate may cause inaccurate times.
  • Supply counts are checked every 10 seconds.